 Dungeon Crawl Stone Soup version 0.29.1-12-g30fa7ad0bf (webtiles) character file.

Game seed: 2791232009371460008

265 FaviusArthum the Conjurer (level 5, -3/28 HPs)
             Began as a Deep Elf Conjurer on Jan 15, 2023.
             Slain by an orc warrior
             ... wielding a +0 halberd
              (7 damage)
             ... on level 6 of the Dungeon on Jan 17, 2023.
             The game lasted 00:09:19 (4621 turns).

FaviusArthum the Conjurer (Deep Elf Conjurer)       Turns: 4621, Time: 00:09:21

Health: -3/28      AC:  4    Str:  4    XL:     5   Next: 99%
Magic:  0/14       EV: 12    Int: 25    God:
Gold:   222        SH:  0    Dex: 13    Spells: 6/13 levels left

rFire   . . .      SeeInvis .   (no weapon)
rCold   . . .      Faith    .   (no shield)
rNeg    . . .      Spirit   .   a - +0 robe
rPois   .          Reflect  .   m - +1 hat
rElec   .          Harm     .   (no cloak)
rCorr   .          Rampage  .   (no gloves)
Will    .....                   f - +0 pair of boots
Stlth   ++........              (no amulet)
HPRegen 0.09/turn               (no ring)
MPRegen 0.14/turn               (no ring)

@: very slightly contaminated
A: no striking features
a: no special abilities


You were on level 6 of the Dungeon.
You visited 1 branch of the dungeon, and saw 5 of its levels.

You collected 222 gold pieces.

Inventory:

Missiles
 j - 7 poisoned darts
Armour
 a - a +0 robe (worn)
 f - a +0 pair of boots (worn)
 m - a +1 hat (worn)
Scrolls
 g - 2 scrolls of teleportation
 k - a scroll of amnesia
 l - a scroll of identify
 p - a scroll of enchant armour
Potions
 b - a potion of magic
 c - 4 potions of curing
 d - a potion of resistance {unknown}
 e - a potion of might {unknown}
 h - a potion of haste {unknown}
 i - a potion of heal wounds {unknown}
 n - 2 potions of ambrosia {unknown}
 q - a potion of brilliance {unknown}


   Skills:
 + Level 2.7 Dodging
 + Level 3.6 Stealth
 + Level 4.8 Spellcasting
 + Level 6.4 Conjurations
 * Level 2.1 Hexes


You had 6 spell levels left.
You knew the following spells:

 Your Spells              Type           Power      Damage    Failure   Level
a - Magic Dart            Conj           100%       1d8       1%          1
b - Searing Ray           Conj           76%        2d7       1%          2
c - Fulminant Prism       Conj/Hex       13%        3d9       14%         4

Your spell library contained the following spells:

 Spells                   Type           Power      Damage    Failure   Level
 Dazzling Flash           Conj/Hex       54%        N/A       4%          3
 Iskenderun's Mystic Bla  Conj/Tloc      22%        2d6       22%         4


Dungeon Overview and Level Annotations

Branches:
Dungeon (6/15)
 Temple: D:4-7

Altars:
Trog

Annotations:
D:4 Menkaure


Message History

Confirm with . or Enter, or press ? or * to list all spells.
Restarting spell: Searing Ray (safe; 1% risk of failure)
Press: ? - help, Shift-Dir - straight line, f/p - orc
Aim: an orc, wielding a +0 dagger and wearing a +0 scale mail (severely wounded, 83% to hit)
The searing ray hits the orc.
You kill the orc!
The searing ray hits the orc warrior!
The orc warrior is moderately wounded. (Press . to maintain the ray.)
An ogre comes into view. It is wielding a +0 giant club.
The ogre moves out of view.
An orc warrior is nearby!
You hear the slow rusting of a very distant drain.
The ogre shouts!
An orc warrior is nearby!
The orc warrior hits you from afar with a +0 halberd.
The orc warrior misses you.
The orc warrior hits you from afar with a +0 halberd!
Ouch! That really hurt!
* * * LOW HITPOINT WARNING * * *
Casting: Searing Ray (safe; 1% risk of failure)
Confirm with . or Enter, or press ? or * to list all spells.
The spell is extremely dangerous to miscast (14% risk of failure)!
Continue anyway?
Aiming: Fulminant Prism (extremely dangerous; 14% risk of failure)
Press: ? - help, Dir - move target You conjure a prism of explosive energy!
The orc priest shouts!
A fulminant prism comes into view.
The ogre hits your fulminant prism with a +0 giant club!!
Your fulminant prism detonates feebly.
Casting: Fulminant Prism (extremely dangerous; 14% risk of failure)
Confirm with . or Enter, or press ? or * to list all spells.
The spell is extremely dangerous to miscast (14% risk of failure)!
Continue anyway?
Aiming: Fulminant Prism (extremely dangerous; 14% risk of failure)
Press: ? - help, Dir - move target You miscast Fulminant Prism.
You are very lightly contaminated with residual magic.
Nothing appears to happen.
The orc warrior hits you from afar with a +0 halberd!
You die...

.........#....#.........
#....##..##..##.........
#....##..###+##.........
.........#...#.....!....
.....##..##..##..##.[##.
#....##..##..##..###+#
#######..##..##...#
..................#
......O......o..@.#
#...#######..###.## ###
##..###o### #.....oO..#
#.........# ##.####.###
#.# ### ..+ #..#


You could see an orc warrior, an ogre, an orc priest and an orc wizard.

Vanquished Creatures
  An ogre (D:4)
  A necrophage (D:4)
  An iguana (D:4)
  3 adders
  2 dart slugs
  2 worms
  4 orcs
  2 ball pythons
  9 endoplasms
  2 giant cockroaches
  8 goblins
  3 hobgoblins
  3 kobolds
  2 quokkas
  5 bats
  5 rats
53 creatures vanquished.

Vanquished Creatures (others)
  2 fulminant prisms (D:6)
2 creatures vanquished.

Grand Total: 55 creatures vanquished

Notes
Turn   | Place    | Note
-------+----------+-------------------------------------------
     0 | D:1      | FaviusArthum the Deep Elf Conjurer began the quest for the
                  | Orb.
     0 | D:1      | Reached XP level 1. HP: 10/10 MP: 6/6
   336 | D:1      | Found a faded altar of an unknown god.
   396 | D:1      | Reached XP level 2. HP: 15/15 MP: 6/8
   399 | D:1      | Learned a level 2 spell: Searing Ray
  1206 | D:2      | Reached skill level 5 in Conjurations
  1206 | D:2      | Reached XP level 3. HP: 19/19 MP: 3/9
  2696 | D:3      | Reached XP level 4. HP: 24/24 MP: 8/11
  2701 | D:3      | Learned a level 4 spell: Fulminant Prism
  2905 | D:4      | Noticed a necrophage
  2914 | D:4      | Killed a necrophage
  2915 | D:4      | Reached skill level 1 in Hexes
  3045 | D:4      | Noticed an ogre
  3052 | D:4      | Killed an ogre
  3053 | D:4      | Reached skill level 6 in Conjurations
  3053 | D:4      | Reached XP level 5. HP: 7/28 MP: 1/13
  4155 | D:4      | Found a bloodstained altar of Trog.
  4183 | D:4      | Noticed Menkaure
  4553 | D:4      | You fall into a shaft and drop 2 floors!
  4583 | D:6      | Noticed an orc warrior
  4597 | D:6      | Noticed an ogre
  4621 | D:6      | Slain by an orc warrior

Illustrated notes

Levels and vault maps discovered:
D:1:      doesnt_arrival_eight_statues, layout_basic,
          shapermc_ecumenical_altar_starsandcircs, minmay_cut_off
D:2:      layout_loops_ring, kennysheep_flooded_box
D:3:      layout_basic
D:4:      layout_basic, kennysheep_mini_moat, uniq_menkaure
D:6:      layout_gridville, portal_sewer_entry_d

Skill      XL: |  1  2  3  4  5 |
---------------+----------------+-----
Stealth        | 3 |  3.6
Conjurations   | 5 6 |  6.4
Spellcasting   | 4 |  4.8
Hexes          | 1 2 |  2.1
Dodging        | |  2.7

Action                   |  1- 3 |  4- 6 || total
-------------------------+-------+-------++-------
 Cast: Magic Dart        |    54 |    30 ||    84
       Searing Ray       |     9 |    15 ||    24
       Fulminant Prism   |       |     2 ||     2
  Use: Scroll            |       |     7 ||     7
Armor: Robe              |     1 |       ||     1
Dodge: Dodged            |       |     7 ||     7
